 Dungeon Crawl Stone Soup version 0.29.1-12-g30fa7ad0bf (webtiles) character file.

Game seed: 730661791210447851

46 Pepete the Shield-Bearer (level 3, -1/14 (29) HPs)
             Began as a Formicid Fighter on Dec 24, 2022.
             Killed from afar by Sigmund (8 damage)
             ... with a magic dart
             ... on level 2 of the Dungeon.
             The game lasted 00:02:55 (3040 turns).

Pepete the Shield-Bearer (Formicid Fighter)         Turns: 3040, Time: 00:02:56

HP:   -1/14 (29)    AC:  7    Str: 22    XL:     3   Next: 92%
MP:   3/3           EV:  9    Int:  7    God:
Gold: 61            SH:  5    Dex: 13    Spells: 2/2 levels left

rFire   . . .      SeeInvis +   a - +0 war axe
rCold   . . .      Faith    .   c - +0 buckler
rNeg    . . .      Spirit   .   b - +0 scale mail
rPois   .          Reflect  .   (helmet unavailable)
rElec   .          Harm     .   (no cloak)
rCorr   .          Rampage  .   (no gloves)
Will    .....                   (no boots)
Stlth   ..........              (no amulet)
HPRegen 0.04/turn               (no ring)
MPRegen 0.08/turn               (no ring)

@: extremely drained
A: permanent stasis, dig shafts and tunnels, antennae 3, four strong arms
a: Dig, Shaft Self


You were on level 2 of the Dungeon.
You visited 1 branch of the dungeon, and saw 2 of its levels.

You collected 61 gold pieces.

Inventory:

Hand Weapons
 a - a +0 war axe (weapon)
Armour
 b - a +0 scale mail (worn)
 c - a +0 buckler (worn)
Scrolls
 d - a scroll of identify
 f - a scroll of torment {unknown}
Potions
 e - a potion of heal wounds


   Skills:
 * Level 3.5 Fighting
 * Level 2.9 Axes
 * Level 3.7 Armour
 + Level 0.1 Stealth
 * Level 4.5 Shields


You had 2 spell levels left.
You didn't know any spells.
Your spell library was empty.

Dungeon Overview and Level Annotations

Branches:
Dungeon (2/15)

Altars:

Annotations:
D:2 Sigmund


Innate Abilities, Weirdness & Mutations

You cannot be hasted, slowed, berserked, paralysed or teleported.
You can dig through walls and to a lower floor.
You have a pair of large antennae on your head. (SInv)
Your four strong arms can wield two-handed weapons with a shield.


Message History

There is an open door here.
A giant cockroach comes into view.
A giant cockroach is nearby!
The giant cockroach bites you but does no damage.
You hit the giant cockroach.
You kill the giant cockroach!
No target in view!
You see here a giant cockroach corpse.
You see here 6 stones.
As you open the door, it creaks loudly!
There is a stone staircase leading up here.
You now have 48 gold pieces (gained 5).
A goblin comes into view. It is wielding a +0 club.
The goblin shouts!
You block the goblin's attack.
A goblin is nearby!
A goblin is nearby!
You hit the goblin.
You kill the goblin!
No target in view!
No target in view!
You now have 61 gold pieces (gained 13).
Sigmund the Dreaded comes into view.
He is wielding a +0 scythe.
Sigmund shouts!
Sigmund casts a spell at you. The puff of flame hits you.
Sigmund is nearby!
Sigmund is nearby!
Sigmund hits you with a +0 scythe.
Okay, then.
You slash Sigmund!
Sigmund is heavily wounded.
Sigmund casts a spell.
Sigmund flickers and vanishes for a moment.
You barely miss Sigmund.
Sigmund is heavily wounded.
Sigmund casts a spell at you. The magic dart hits you!
Ouch! That really hurt!
You die...

#######....#.#..##...##..#.#
#....#.##..##.##..##.#
#....#.#.#..#.#..#.#.#
#....#.##.#.....#.##.######
#....#.#.#.#...#.#.#.......
#.####.#############.######
#............# ###
######.#####.## #...@@...#
##########


You could see Sigmund (invisible).

Vanquished Creatures
  An adder (D:2)
  A bat skeleton (D:2)
  A bat zombie (D:2)
  5 endoplasms
  A giant cockroach (D:2)
  4 hobgoblins
  2 quokkas (D:2)
  2 ball pythons (D:2)
  3 bats
  A giant cockroach zombie (D:2)
  7 goblins
  A jackal skeleton (D:2)
  A kobold (D:2)
  2 rats
32 creatures vanquished.

Vanquished Creatures (others)
  2 withered plants (D:2)
2 creatures vanquished.

Grand Total: 34 creatures vanquished

Notes
Turn   | Place    | Note
-------+----------+-------------------------------------------
     0 | D:1      | Pepete the Formicid Fighter began the quest for the Orb.
     0 | D:1      | Reached XP level 1. HP: 18/18 MP: 1/1
   729 | D:1      | Reached XP level 2. HP: 24/24 MP: 2/2
  1772 | D:2      | Reached XP level 3. HP: 21/29 MP: 3/3
  3036 | D:2      | Noticed Sigmund
  3040 | D:2      | Killed from afar by Sigmund

Illustrated notes

Levels and vault maps discovered:
D:1:      dpeg_arrival_connections, layout_basic,
          corexii_item_surrounded_by_moat, hangedman_decor_clover_reticule
D:2:      minmay_diamond_boxcup, layout_basic, serial_undead, serial_undead_e,
          serial_undead_c, serial_undead_c, serial_undead_a,
          minmay_split_cup_small, uniq_sigmund

Action                   || total
-------------------------++-------
Melee: War axe           ||    80
 Abil: Dig               ||     5
  Use: Potion            ||     3
       Scroll            ||     1
Armor: Scale mail        ||    51
Dodge: Dodged            ||    42
Block: Buckler           ||    26
